 Dungeon Crawl Stone Soup version 0.30.0-19-g36f170ea60 (webtiles) character file.

Game seed: 12402608819327564790

134009 croobank the Champion of Chaos (level 17, -8/133 HPs)
             Began as a Gnoll Summoner on May 27, 2023.
             Was the Champion of Makhleb.
             Killed from afar by a nagaraja (50 damage)
             ... with a poison arrow
             ... on level 4 of the Snake Pit on May 28, 2023.
             The game lasted 03:19:54 (33207 turns).

croobank the Champion of Chaos (Gnoll Summoner)    Turns: 33207, Time: 03:19:54

Health: -8/133     AC: 17    Str:  7    XL:     17   Next: 16%
Magic:  29/33      EV: 18    Int: 28    God:    Makhleb [******]
Gold:   1900       SH:  7    Dex: 15    Spells: 4/41 levels left

rFire   + . .        A - +8 demon blade "Leech" {evervamp, Harm Drain rN+}
rCold   + + +        w - +0 buckler
rNeg    + . .        W - +4 skin of Zhor {*Englaciate rC+++ SInv}
rPois   .            z - +1 helmet
rElec   .            p - +0 cloak
rCorr   .            c - +1 pair of gloves
SInv    +            G - +2 pair of boots
Will    ++...        I - amulet of Vitality {RegenMP++ Regen++}
Stlth   +++++        f - ring of protection from fire
HPRegen 2.02/turn    T - ring of Xioce {Contam Will+ Int+7}
MPRegen 1.03/turn

%: harm (+30% outgoing, +20% incoming)
@: lethally poisoned (-8 -> -55)
A: fangs 1, strong nose, distributed training
a: Renounce Religion, Minor Destruction, Lesser Servant of Makhleb, Major
Destruction, Greater Servant of Makhleb


You were on level 4 of the Snake Pit.
You worshipped Makhleb.
Makhleb was exalted by your worship.
You visited 5 branches of the dungeon, and saw 27 of its levels.
You also visited: Ice Cave.

You collected 3254 gold pieces.
You spent 1354 gold pieces at shops.

Inventory:

Hand Weapons
 u - the +8 falchion of Tihuawau {protect, *Noise Str+7}
   (You found it on level 3 of the Dungeon)

   Str:       It affects your strength (+7).
   *Noise:    It may make noises in combat.
 A - the +8 demon blade "Leech" (weapon) {evervamp, Harm Drain rN+}
   (You found it on level 3 of the Lair of Beasts)

   rN:        It protects you from negative energy.
   Drain:     It drains your maximum health when unequipped.
   Harm:      It increases damage dealt and taken.
 F - a +4 scimitar of flaming
Missiles
 i - 13 curare-tipped darts
 j - 2 throwing nets
 l - 6 atropa-tipped darts
 R - 15 javelins
Armour
 c - a +1 pair of gloves (worn)
 p - a +0 cloak (worn)
 w - a +0 buckler (worn)
 z - a +1 helmet (worn)
 G - a +2 pair of boots (worn)
 W - the +4 skin of Zhor (worn) {*Englaciate rC+++ SInv}
   (You found it on level 14 of the Dungeon)

   *Englaciate: It radiates cold, occasionally slowing all nearby creatures who
   are not resistant to cold.
   rC:        It renders you almost immune to cold.
   SInv:      It lets you see invisible.
Magical Staves
 t - the staff of death "Bilunusi" {rElec rN+ Str+3}
   (You found it on level 5 of the Lair of Beasts)

   [staff of death]

   Base accuracy: +5 Base damage: 5 Base attack delay: 1.2 This weapon's minimum
   attack delay (0.6) is reached at skill level 12.
   Str:       It affects your strength (+3).
   rElec:     It insulates you from electricity.
   rN:        It protects you from negative energy.
   It falls into the 'Staves' category.
   It is a one-handed weapon.
Jewellery
 d - a ring of poison resistance
 f - a ring of protection from fire (left hand)
 m - a ring of positive energy
 r - a +5 ring of evasion
 C - a +6 ring of dexterity
 I - the amulet of Vitality (around neck) {RegenMP++ Regen++}
   (You found it in an ice cave)

   [amulet of magic regeneration]

   It increases your rate of magic regeneration.
   Regen:     It increases your rate of health regeneration.
 K - a ring of see invisible
 O - a +5 ring of evasion
 P - a ring of protection from cold
 T - the ring of Xioce (right hand) {Contam Will+ Int+7}
   (You took it off a nagaraja on level 2 of the Snake Pit)

   [ring of willpower]

   Int:       It affects your intelligence (+7).
   Contam:    It causes magical contamination when unequipped.
   Will:      It increases your willpower.
 U - the amulet of Light {Acrobat rCorr Int+2}
   (You found it in an ice cave)

   [amulet of the acrobat]

   It increases your evasion while moving and waiting.
   Int:       It affects your intelligence (+2).
   rCorr:     It protects you from acid and corrosion.
Wands
 o - a wand of acid (6)
 s - a wand of paralysis (9)
 y - a wand of mindburst (15)
 S - a wand of digging (9)
 V - a wand of flame (5)
 Y - a wand of iceblast (23)
Scrolls
 e - 2 scrolls of amnesia
 h - a scroll of fear
 k - a scroll of magic mapping
 q - a scroll of fog
 v - 3 scrolls of immolation
 L - 5 scrolls of identify
 Q - a scroll of silence
 X - 5 scrolls of teleportation
Potions
 a - 2 potions of ambrosia
 b - 4 potions of magic
 g - 2 potions of haste
 n - 3 potions of invisibility
 x - 7 potions of curing
 B - 7 potions of mutation
 D - 3 potions of might
 E - 3 potions of brilliance
 H - 4 potions of lignification
 J - 5 potions of cancellation
 M - a potion of heal wounds
 N - 4 potions of attraction
 Z - a potion of flight


   Skills:
 + Level 11.8 Fighting
 + Level 11.8 Short Blades
 + Level 11.8 Long Blades
 + Level 11.8 Axes
 + Level 11.8 Maces & Flails
 + Level 11.8 Polearms
 + Level 11.8 Staves
 + Level 11.8 Ranged Weapons
 + Level 11.8 Throwing
 + Level 11.8 Armour
 + Level 12.6 Dodging
 + Level 12.5 Stealth
 + Level 11.8 Shields
 + Level 11.8 Unarmed Combat
 + Level 12.8 Spellcasting
 + Level 10.0 Conjurations
 + Level 10.0 Hexes
 + Level 12.2 Summonings
 + Level 10.0 Necromancy
 + Level 10.0 Translocations
 + Level 10.0 Transmutations
 + Level 10.0 Fire Magic
 + Level 10.0 Ice Magic
 + Level 10.0 Air Magic
 + Level 10.0 Earth Magic
 + Level 10.0 Poison Magic
 + Level 12.8 Invocations
 + Level 11.8 Evocations


You had 4 spell levels left.
You knew the following spells:

 Your Spells              Type           Power      Damage    Failure   Level
b - Call Imp              Summ           100%       N/A       1%          2
c - Call Canine Familiar  Summ           72%        N/A       1%          3
d - Summon Guardian Gole  Hex/Summ       69%        N/A       1%          3
e - Summon Lightning Spi  Summ/Air       69%        N/A       1%          4
f - Summon Forest         Summ/Tloc      34%        N/A       1%          5
g - Olgreb's Toxic Radia  Pois           65%        N/A       1%          4
h - Freezing Cloud        Conj/Ice/Air   32%        6-21      1%          5
i - Borgnjor's Vile Clut  Necr/Erth      32%        N/A       1%          5
j - Poisonous Vapours     Pois/Air       100%       N/A       1%          2
k - Dispel Undead         Necr           65%        3d22      1%          4

Your spell library contained the following spells:

 Spells                   Type           Power      Damage    Failure   Level
 Freeze                   Ice            100%       1d10      1%          1
 Kiss of Death            Conj/Necr      100%       2d13      1%          1
 Necrotise                Necr           100%       1d9       1%          1
 Sting                    Tmut/Pois      100%       1d8       1%          1
 Summon Small Mammal      Summ           100%       N/A       1%          1
 Blink                    Tloc           100%       N/A       1%          2
 Cigotuvi's Dreadful Rot  Necr/Pois/Air  100%       N/A       1%          2
 Lesser Beckoning         Tloc           100%       N/A       1%          2
 Momentum Strike          Conj/Tloc      100%       3d10      1%          2
 Static Discharge         Conj/Air       100%       2-7/arc   1%          2
 Confusing Touch          Hex            65%        N/A       1%          3
 Frozen Ramparts          Ice            100%       1d16      1%          3
 Gell's Gravitas          Tloc           65%        N/A       1%          3
 Hailstorm                Conj/Ice       65%        3d14      1%          3
 Ignite Poison            Fire/Tmut/Pois 65%        N/A       1%          3
 Ozocubu's Armour         Ice            65%        N/A       1%          3
 Stone Arrow              Conj/Erth      100%       3d13      1%          3
 Teleport Other           Tloc           65%        N/A       1%          3
 Vampiric Draining        Necr           65%        2d10      1%          3
 Vhi's Electric Charge    Tloc/Air       100%       N/A       1%          3
 Airstrike                Air            32%        2d(5-21)  1%          4
 Animate Armour           Summ/Erth      100%       N/A       1%          4
 Manifold Assault         Tloc           65%        N/A       1%          4
 Agony                    Necr           65%        N/A       1%          5
 Alistair's Intoxication  Tmut/Pois      43%        N/A       1%          5
 Arcjolt                  Conj/Air       32%        1d42      1%          5
 Blade Hands              Tmut           32%        N/A       1%          5
 Metabolic Englaciation   Hex/Ice        32%        N/A       1%          5
 Dispersal                Tloc           32%        N/A       10%         6
 Eringya's Noxious Bog    Tmut/Pois      32%        N/A       10%         6
 Iron Shot                Conj/Erth      32%        9d7       10%         6
 Plasma Beam              Fire/Air       32%        2x1d50    10%         6
 Simulacrum               Ice/Necr       32%        N/A       10%         6
 Statue Form              Tmut/Erth      43%        N/A       10%         6
 Summon Hydra             Summ           36%        N/A       22%         7
 Malign Gateway           Summ/Tloc      34%        N/A       34%         7
 Summon Horrible Things   Summ           36%        N/A       86%         8
 Disjunction              Tloc           32%        N/A       99%         8
 Lehudib's Crystal Spear  Conj/Erth      32%        10d8      99%         8


Dungeon Overview and Level Annotations

Branches:
Dungeon (15/15)            Temple (1/1) D:5            Lair (5/5) D:8
  Swamp (0/4) Lair:2        Snake (4/4) Lair:3        Slime (0/5) Lair:5
    Orc (2/2) D:11            Elf (0/3) Orc:2        Vaults (0/5) D:13
 Depths (0/4) D:15          IceCv (visited)

Altars:
Ashenzari
Cheibriados
Dithmenos
Elyvilon
Fedhas
Gozag
Hepliaklqana
Kikubaaqudgha
Makhleb
Nemelex Xobeh
Okawaru
Qazlal
Ru
Sif Muna
Trog
Uskayaw
Vehumet
Wu Jian
Xom
Yredelemnul
Zin
The Shining One
Jiyva

Shops:
D:6 [:   D:9 =   D:12 (   D:13 *   D:14 !   Orc:2 =:*:

Annotations:
Lair:2 3 runed translucent doors, Irreverend's ghost, journeyman MiBe; cheesebisquit's ghost, journeyman TrFi


Innate Abilities, Weirdness & Mutations

You have very sharp teeth.
Your uncanny sense of smell can sniff out nearby items.
Your experience applies equally to all skills.


Message History

The nagaraja attacks as you move away! The nagaraja hits you with a +0 whip.
You feel very sick.
The nagaraja gestures at you while chanting.
The poison arrow hits you!
You are more poisoned.
The sea snake bites your guardian golem!
Your lightning spire shoots out a bolt of lightning at the naga!
The bolt of electricity hits the naga!!
The naga dies!
Makhleb accepts your kill.
You hit the nagaraja but do no damage.
The nagaraja is lightly wounded.
You radiate an aura of cold.
The nagaraja resists.
Your lightning spire is unaffected.
Your guardian golem is unaffected.
The naga sharpshooter seems to slow down.
The sea snake seems to slow down.
You feel very sick.
The naga sharpshooter mumbles some strange words.
The naga sharpshooter magically shoots a bolt.
The bolt misses you.
You slice the nagaraja!!
You feel better.
The nagaraja is heavily wounded.
You feel very sick. The nagaraja casts a spell at you.
The poison arrow hits you!!
You are more poisoned.
The sea snake bites your guardian golem.
The nagaraja spits poison at you. The splash of poison misses you.
You hit the nagaraja.
You feel better.
The nagaraja is heavily wounded.
You radiate an aura of cold.
The nagaraja resists.
Your lightning spire is unaffected.
Your guardian golem is unaffected.
The naga sharpshooter seems to slow down.
The sea snake seems to slow down.
You feel extremely sick. The nagaraja casts a spell at you.
The poison arrow hits you!!!
You are lethally poisoned!
You die...

,,,,,,** **,,,,,,*,*##**
*****,,** *,,,**,,,*#..,**
,,***,,,***,,,***###...,,**
**,,*,,,,,,,,,,##S...#**,,*
**,,,,,,,,,,,,##9N).#* *,,**
*,,,,,,,,,,,,*#!..#** **,,~*
,,,,,,,,,,,,*##...##***~,~~***
.,,,,,,,,,,,,#8#N#.#~~~~,~~~,**
...,,,,#####,##.@.##~~~~,,,,,,*
....*,##...####.#.#~~~,,,~~~~,*
...##*#.###.##....##~~,~~~~~~,**
....###.....##.....##~,~~~~~~,,*
.....#..÷....#......##,~~~~~,,~*
..#).'.~~[~).'.....~≈#,~~~,,,~~*
##.#.'.)≈≈≈~.#.....~≈#,,,,,,,~~*
†....[.~~~~≈.'.....~~#,~~~,,,~~*
...)÷#.......#......##,~~~~~,,~*


You could see a nagaraja (fast, catching breath, ally target), a naga
sharpshooter (slow), a sea snake (slow, ally target), a friendly guardian golem
(summoned) and a friendly lightning spire (summoned, sheltered).

Vanquished Creatures
  3 nagarajas
  Nessos (Lair:3)
  A vault guard (D:13)
  7 anacondas (Snake:1)
  A centaur warrior (D:14)
  3 naga warriors
  2 shock serpents
  A tengu warrior (D:14)
  Urug (D:11)
  3 naga sharpshooters
  A fire crab (Lair:4)
  2 skeletal warriors (D:14)
  4 sea snakes (Snake:1)
  A naga ritualist (Snake:1)
  2 orc knights (Orc:1)
  A deep elf pyromancer (D:15)
  2 mana vipers
  An orc sorcerer (Orc:2)
  2 ugly things (D:14)
  5 salamanders
  10 black mambas
  An ice statue (IceCv)
  2 elephants (Lair:2)
  4 cane toads (Lair:5)
  Maurice (Orc:1)
  3 unseen horrors
  2 kobold demonologists
  3 komodo dragons
  A tengu conjurer (D:14)
  4 trolls
  2 meliai (D:14)
  A tyrant leech (Lair:5)
  A polar bear (Lair:4)
  2 dream sheep (Lair:5)
  11 blink frogs
  A slime creature (D:15)
  3 vampires
  2 wraiths
  24 yaks
  4 wyverns
  8 vampire mosquitoes
  A warg (Orc:2)
  9 nagas
  6 water moccasins
  Duvessa (D:7)
  2 black bears
  24 orc warriors
  An ice beast (D:5)
  2 ogres
  A sky beast (D:7)
  4 wolves
  9 centaurs
  A kobold brigand (D:10)
  9 bullfrogs
  2 scorpions
  8 wights
  Dowan (D:7)
  A killer bee (D:10)
  A nameless horror (D:9)
  3 electric eels (D:12)
  A howler monkey (D:5)
  4 hounds
  A jelly (Lair:3)
  9 orc priests
  A sleepcap (D:8)
  2 iguanas
  18 orc wizards
  3 adders
  An ufetubus (D:4)
  A worm (D:3)
  3 dart slugs
  36 orcs
  6 bats
  2 endoplasms
  3 giant cockroaches
  4 goblins
  4 hobgoblins
  A jackal (D:2)
  2 quokkas (D:1)
  6 ball pythons
  4 kobolds
  2 rats (D:1)
334 creatures vanquished.

Vanquished Creatures (collateral kills)
  Gastronok (D:11)
  3 nagarajas
  A fire dragon (D:15)
  A salamander tyrant (Snake:4)
  An ice dragon (D:14)
  A centaur warrior (D:13)
  3 anacondas
  4 naga warriors
  4 boulder beetles
  2 two-headed ogres
  2 death yaks
  An orc high priest (Orc:2)
  A tengu warrior (D:14)
  4 naga sharpshooters
  3 shock serpents
  A skyshark (Lair:3)
  5 salamander mystics
  Sonja (Lair:2)
  A skeletal warrior (D:14)
  2 sea snakes
  Pikel (D:7)
  A naga ritualist (Snake:3)
  A lindwurm (Lair:5)
  2 mana vipers
  An oklob plant (Lair:5)
  4 cyclopes
  A manticore (D:14)
  5 salamanders
  2 ugly things
  An elephant (shapeshifter) (D:12)
  4 guardian serpents
  14 naga magi
  2 elephants (Lair:2)
  7 black mambas
  2 torpor snails
  An unseen horror (D:12)
  10 rime drakes
  7 komodo dragons
  7 cane toads
  An efreet (D:15)
  A troll (Orc:2)
  3 tyrant leeches
  Grinder (D:6)
  4 dream sheep (Lair:5)
  9 blink frogs
  2 slime creatures
  2 wraiths
  16 yaks
  5 vampire mosquitoes
  3 basilisks
  A steam dragon (D:7)
  A warg (Orc:1)
  A swamp worm (Lair:2)
  An acid dragon (D:6)
  13 nagas
  4 water moccasins
  2 nameless horrors
  11 orc warriors
  3 black bears
  An ogre (Orc:2)
  3 wolves (Lair:1)
  6 centaurs
  4 lemures
  2 phantoms
  2 kobold brigands
  10 bullfrogs
  A gnoll sergeant (D:11)
  A scorpion (D:4)
  19 wights
  4 killer bees (D:10)
  2 lindwurm simulacra (IceCv)
  2 electric eels
  2 howler monkeys (D:10)
  2 jellies (D:6)
  7 orc priests
  3 hounds
  Terence (D:2)
  2 iguanas (D:5)
  13 orc wizards
  11 gnolls
  7 acid dragon simulacra (IceCv)
  9 adders
  4 steam dragon simulacra (IceCv)
  A worm (D:3)
  3 dart slugs
  32 orcs
  5 ball pythons
  3 endoplasms
  2 giant cockroaches (D:1)
  4 goblins
  2 hobgoblins
  3 jackals (D:2)
  A quokka (D:5)
  A bat (D:2)
  2 frilled lizards (D:2)
  9 kobolds
  5 rats
390 creatures vanquished.

Vanquished Creatures (others)
  The ghost of SecretSquirrel the Marksminotaur, a journeyman MiHu of Dithmenos (Lair:3)
  A rakshasa (D:15)
  5 hydras
  2 ice dragons
  An anaconda (Snake:3)
  A death knight (D:15)
  A centaur warrior (Orc:2)
  A naga sharpshooter (Snake:2)
  A skyshark (Lair:5)
  A skeletal warrior (D:14)
  A sea snake (Snake:1)
  A naga ritualist (Snake:1)
  A mana viper (Snake:1)
  2 oklob plants (Lair:5)
  A cyclops (D:12)
  An elephant (Lair:2)
  4 ugly things (D:15)
  2 naga magi
  3 black mambas
  3 gargoyles
  A komodo dragon (Lair:5)
  4 rime drakes
  A troll (Orc:2)
  A meliai (D:14)
  A hornet (D:8)
  3 slime creatures
  4 yaks
  2 vampire mosquitoes (D:14)
  4 nagas
  2 water moccasins
  4 orc warriors
  An ice beast (D:5)
  A wolf (Lair:1)
  A centaur (Orc:2)
  4 wights
  A killer bee (D:10)
  6 komodo dragon simulacra (IceCv)
  A gnoll bouda (D:5)
  2 jellies (Lair:3)
  5 gnolls
  An adder (D:6)
  2 acid dragon simulacra (IceCv)
  2 orcs (Orc:2)
  4 snaplasher vines (Snake:3)
92 creatures vanquished.

Grand Total: 816 creatures vanquished

Notes
Turn   | Place    | Note
-------+----------+-------------------------------------------
     0 | D:1      | croobank the Gnoll Summoner began the quest for the Orb.
     0 | D:1      | Reached XP level 1. HP: 13/13 MP: 6/6
   264 | D:1      | Reached XP level 2. HP: 19/19 MP: 7/7
   383 | D:1      | Learned a level 2 spell: Call Imp
   581 | D:1      | Reached skill level 5 in Spellcasting
   581 | D:1      | Reached XP level 3. HP: 25/25 MP: 7/9
   585 | D:1      | Learned a level 3 spell: Call Canine Familiar
   910 | D:2      | Reached skill level 1 in Invocations
  1067 | D:2      | Reached skill level 1 in Fighting
  1067 | D:2      | Reached skill level 1 in Short Blades
  1067 | D:2      | Reached skill level 1 in Long Blades
  1067 | D:2      | Reached skill level 1 in Axes
  1067 | D:2      | Reached skill level 1 in Maces & Flails
  1067 | D:2      | Reached skill level 1 in Polearms
  1067 | D:2      | Reached skill level 1 in Staves
  1067 | D:2      | Reached skill level 1 in Ranged Weapons
  1067 | D:2      | Reached skill level 1 in Throwing
  1067 | D:2      | Reached skill level 1 in Armour
  1067 | D:2      | Reached skill level 1 in Shields
  1067 | D:2      | Reached skill level 1 in Unarmed Combat
  1067 | D:2      | Reached skill level 1 in Evocations
  1268 | D:2      | Reached XP level 4. HP: 32/32 MP: 9/11
  1380 | D:2      | Noticed Terence
  1412 | D:2      | Killed Terence
  1413 | D:2      | Reached skill level 1 in Conjurations
  1413 | D:2      | Reached skill level 1 in Hexes
  1413 | D:2      | Reached skill level 1 in Necromancy
  1413 | D:2      | Reached skill level 1 in Translocations
  1413 | D:2      | Reached skill level 1 in Transmutations
  1413 | D:2      | Reached skill level 1 in Fire Magic
  1413 | D:2      | Reached skill level 1 in Ice Magic
  1413 | D:2      | Reached skill level 1 in Air Magic
  1413 | D:2      | Reached skill level 1 in Earth Magic
  1413 | D:2      | Reached skill level 1 in Poison Magic
  1730 | D:2      | Reached XP level 5. HP: 9/37 MP: 6/12
  2185 | D:2      | Learned a level 3 spell: Summon Guardian Golem
  2258 | D:3      | Found a glowing golden altar of the Shining One.
  2347 | D:3      | Found a hide-covered altar of Uskayaw.
  2350 | D:3      | Found a white marble altar of Elyvilon.
  2353 | D:3      | Reached XP level 6. HP: 32/44 MP: 9/13
  2494 | D:3      | Reached skill level 5 in Dodging
  2499 | D:3      | Identified the +8 falchion of Tihuawau {protect, *Noise
                  | Str+7}
  3013 | D:4      | Found a shimmering altar of Xom.
  3180 | D:4      | Found a shimmering altar of Xom.
  3180 | D:4      | Found a shimmering altar of Xom.
  3181 | D:4      | Found a shimmering altar of Xom.
  3181 | D:4      | Found a shimmering altar of Xom.
  3182 | D:4      | Found a shimmering altar of Xom.
  3183 | D:4      | Found a shimmering altar of Xom.
  3353 | D:4      | Reached XP level 7. HP: 51/51 MP: 15/15
  3443 | D:4      | Got Sif Muna's Discursus on Unstable Snow
  3658 | D:5      | Entered Level 5 of the Dungeon
  3697 | D:5      | Reached skill level 5 in Stealth
  4322 | D:5      | Found a staircase to the Ecumenical Temple.
  4352 | D:5      | Reached XP level 8. HP: 19/58 MP: 10/16
  4456 | D:5      | Learned a level 4 spell: Summon Lightning Spire
  5030 | Temple   | Entered the Ecumenical Temple
  5096 | Temple   | Became a worshipper of Makhleb the Destroyer
  5825 | D:5      | HP: 2/60 [orc wizard/puff of flame (4)]
  6094 | D:6      | Reached XP level 9. HP: 56/65 MP: 5/18
  6240 | D:6      | Found an opulent altar of Gozag.
  6522 | D:6      | Noticed Grinder
  6531 | D:6      | Killed Grinder
  6938 | D:6      | Found Soidiog's Tiny Tomes.
  7191 | D:6      | Found Tokoyo's Dragon-Slaying Spoils.
  7295 | D:6      | Reached skill level 5 in Invocations
  7483 | D:7      | Noticed Duvessa
  7483 | D:7      | Noticed Dowan
  8083 | D:6      | Reached * piety under Makhleb
  8187 | D:7      | Killed Dowan
  8486 | D:7      | Killed Duvessa
  9113 | D:6      | HP: 2/57 [poisoned by a scorpion]
  9679 | D:6      | Reached skill level 5 in Fighting
  9679 | D:6      | Reached skill level 5 in Short Blades
  9679 | D:6      | Reached skill level 5 in Long Blades
  9679 | D:6      | Reached skill level 5 in Axes
  9679 | D:6      | Reached skill level 5 in Maces & Flails
  9679 | D:6      | Reached skill level 5 in Polearms
  9679 | D:6      | Reached skill level 5 in Staves
  9679 | D:6      | Reached skill level 5 in Ranged Weapons
  9679 | D:6      | Reached skill level 5 in Throwing
  9679 | D:6      | Reached skill level 5 in Armour
  9679 | D:6      | Reached skill level 5 in Shields
  9679 | D:6      | Reached skill level 5 in Unarmed Combat
  9679 | D:6      | Reached skill level 5 in Evocations
  9679 | D:6      | Reached XP level 10. HP: 62/64 MP: 20/20
 10339 | D:7      | Noticed Pikel
 10370 | D:7      | Killed Pikel
 11396 | D:8      | Reached ** piety under Makhleb
 11621 | D:8      | Found a staircase to the Lair.
 11734 | D:8      | Noticed a death yak
 11748 | D:8      | Killed a death yak
 11749 | D:8      | Reached skill level 5 in Conjurations
 11749 | D:8      | Reached skill level 5 in Hexes
 11749 | D:8      | Reached skill level 5 in Necromancy
 11749 | D:8      | Reached skill level 5 in Translocations
 11749 | D:8      | Reached skill level 5 in Transmutations
 11749 | D:8      | Reached skill level 5 in Fire Magic
 11749 | D:8      | Reached skill level 5 in Ice Magic
 11749 | D:8      | Reached skill level 5 in Air Magic
 11749 | D:8      | Reached skill level 5 in Earth Magic
 11749 | D:8      | Reached skill level 5 in Poison Magic
 11784 | D:8      | Reached XP level 11. HP: 81/81 MP: 14/22
 11941 | D:8      | Found a glowing silver altar of Zin.
 11942 | D:8      | Found Zin's Purification Station.
 11948 | D:8      | Bought a potion of curing for 90 gold pieces
 12358 | D:9      | Found Senuagel's Jewellery Emporium.
 12366 | D:9      | Bought a ring of see invisible for 210 gold pieces
 12725 | D:9      | Noticed a two-headed ogre
 12733 | D:9      | Killed a two-headed ogre
 12876 | D:9      | Reached *** piety under Makhleb
 13139 | D:9      | Found a broken altar of Ashenzari.
 13176 | D:10     | Entered Level 10 of the Dungeon
 13577 | D:10     | Found a shimmering blue altar of Sif Muna.
 13586 | D:10     | Learned a level 2 spell: Poisonous Vapours
 13591 | D:10     | Learned a level 4 spell: Olgreb's Toxic Radiance
 14164 | D:11     | Found a staircase to the Orcish Mines.
 14221 | D:11     | Noticed Urug
 14225 | D:11     | Found a frozen archway.
 14227 | D:11     | Killed Urug
 14301 | IceCv    | Entered an ice cave
 14397 | IceCv    | Reached **** piety under Makhleb
 15030 | IceCv    | Found the amulet of Vitality {RegenMP++ Regen++}
 15455 | IceCv    | HP: 4/83 [ice statue] (17)]
 15742 | IceCv    | Noticed an ice dragon
 15751 | IceCv    | Killed an ice dragon
 15752 | IceCv    | Reached XP level 12. HP: 91/91 MP: 22/24
 15802 | IceCv    | Identified the amulet of Light {Acrobat rCorr Int+2}
 15997 | D:11     | Noticed a two-headed ogre
 16006 | D:11     | Killed a two-headed ogre
 16044 | D:11     | Noticed a sun demon
 16506 | D:11     | Noticed Gastronok
 16519 | D:11     | Killed Gastronok
 17231 | D:12     | Found Faretipn's Antique Weapon Emporium.
 17252 | D:12     | Reached ***** piety under Makhleb
 17258 | D:12     | Bought a runed scimitar for 154 gold pieces
 17270 | D:12     | Identified the +2 ring mail of True Grit {rF+}
 17882 | D:13     | Noticed a centaur warrior
 17889 | D:13     | Killed a centaur warrior
 17981 | D:13     | Found Zecloaz's General Store.
 18150 | Lair:1   | Entered Level 1 of the Lair of Beasts
 18236 | Lair:1   | You fall into a shaft and drop 1 floor!
 18259 | Lair:2   | Reached XP level 13. HP: 92/98 MP: 26/26
 18393 | Lair:2   | Reached skill level 10 in Summonings
 18430 | Lair:2   | Found a runed translucent gate.
 18430 | Lair:2   | Found a runed translucent gate.
 18431 | Lair:2   | Found a runed translucent gate.
 18433 | Lair:2   | Noticed Irreverend's ghost (journeyman MiBe)
 18433 | Lair:2   | Noticed cheesebisquit's ghost (journeyman TrFi)
 19416 | Lair:2   | Reached skill level 10 in Spellcasting
 19444 | Lair:2   | Identified the +4 plate armour "Ehe Huv" {*Slow rN+ Int+2}
 19634 | Lair:2   | Noticed Sonja
 19641 | Lair:2   | Killed Sonja
 20016 | Lair:2   | Found a staircase to the Swamp.
 20216 | Lair:3   | Learned a level 5 spell: Freezing Cloud
 20216 | Lair:3   | Found a staircase to the Snake Pit.
 20282 | Lair:3   | Noticed Nessos
 20292 | Lair:3   | Killed Nessos
 20293 | Lair:3   | Reached skill level 10 in Dodging
 20400 | Lair:3   | Found a runed translucent gate.
 20400 | Lair:3   | Found a runed translucent gate.
 20401 | Lair:3   | Found a runed translucent gate.
 20404 | Lair:3   | Noticed SecretSquirrel's ghost (journeyman MiHu)
 20772 | Lair:3   | Found a viscous altar of Jiyva.
 20772 | Lair:3   | Found the +8 demon blade "Leech" {evervamp, Harm Drain rN+}
 21032 | Lair:3   | Noticed a cacodemon
 21209 | Lair:3   | Reached skill level 10 in Stealth
 21232 | Lair:3   | Killed SecretSquirrel's ghost
 21566 | Lair:4   | Reached XP level 14. HP: 108/108 MP: 28/28
 21576 | Lair:4   | Reached skill level 10 in Invocations
 21591 | Lair:4   | Identified the +1 robe of Ijaroih {*Corrode rC- Str+8
                  | Dex+3}
 22147 | Lair:5   | Entered Level 5 of the Lair of Beasts
 22345 | Lair:5   | Reached ****** piety under Makhleb
 22459 | Lair:5   | Learned a level 5 spell: Borgnjor's Vile Clutch
 23041 | Lair:5   | Found a viscous altar of Jiyva.
 23042 | Lair:5   | Found a staircase to the Slime Pits.
 23113 | Lair:5   | Identified the staff of death "Bilunusi" {rElec rN+ Str+3}
 23116 | Lair:5   | Identified the amulet "Cipn" {Spirit Drain Will+ Int+2}
 25072 | Orc:1    | Entered Level 1 of the Orcish Mines
 25118 | Orc:1    | Noticed Maurice
 25135 | Orc:1    | Killed Maurice
 25414 | Orc:2    | Entered Level 2 of the Orcish Mines
 25503 | Orc:2    | Reached skill level 10 in Fighting
 25503 | Orc:2    | Reached skill level 10 in Short Blades
 25503 | Orc:2    | Reached skill level 10 in Long Blades
 25503 | Orc:2    | Reached skill level 10 in Axes
 25503 | Orc:2    | Reached skill level 10 in Maces & Flails
 25503 | Orc:2    | Reached skill level 10 in Polearms
 25503 | Orc:2    | Reached skill level 10 in Staves
 25503 | Orc:2    | Reached skill level 10 in Ranged Weapons
 25503 | Orc:2    | Reached skill level 10 in Throwing
 25503 | Orc:2    | Reached skill level 10 in Armour
 25503 | Orc:2    | Reached skill level 10 in Shields
 25503 | Orc:2    | Reached skill level 10 in Unarmed Combat
 25503 | Orc:2    | Reached skill level 10 in Evocations
 25575 | Orc:1    | Reached XP level 15. HP: 115/115 MP: 30/30
 26116 | Orc:2    | Found a staircase to the Elven Halls.
 26360 | Orc:2    | Found Ezxeshe's General Store.
 26360 | Orc:2    | Found Iffaik's Book Shop.
 26362 | Orc:2    | Found Mailu's Jewellery Boutique.
 26364 | Orc:2    | Found Uriforghi's Book Emporium.
 26370 | Orc:2    | Bought a book of Lightning for 442 gold pieces
 26373 | Orc:2    | Bought a book of Touch for 308 gold pieces
 26772 | D:13     | Found a gate to the Vaults.
 27318 | D:14     | Found Vozongo's Distillery.
 27337 | D:14     | Bought a potion of haste for 150 gold pieces
 27374 | D:14     | Learned a level 5 spell: Summon Forest
 27461 | D:14     | Found the +4 skin of Zhor {*Englaciate rC+++ SInv}
 27844 | D:14     | Learned a level 4 spell: Dispel Undead
 28163 | D:15     | Entered Level 15 of the Dungeon
 28932 | D:15     | Found a staircase to the Depths.
 29193 | Snake:1  | Entered Level 1 of the Snake Pit
 29635 | Snake:1  | Reached XP level 16. HP: 124/124 MP: 30/32
 30413 | Snake:2  | Noticed a nagaraja
 30425 | Snake:2  | Killed a nagaraja
 30657 | Snake:2  | Identified the ring of Xioce {Contam Will+ Int+7}
 30657 | Snake:2  | Noticed a nagaraja
 30672 | Snake:2  | Killed a nagaraja
 31041 | Snake:2  | Noticed a nagaraja
 31051 | Snake:2  | Killed a nagaraja
 32328 | Snake:3  | Noticed a nagaraja
 32335 | Snake:3  | Killed a nagaraja
 32771 | Snake:4  | Entered Level 4 of the Snake Pit
 32915 | Snake:4  | Reached XP level 17. HP: 37/133 MP: 33/33
 32984 | Snake:4  | Found a glowing silver altar of Zin.
 33054 | Snake:4  | Reached skill level 10 in Conjurations
 33054 | Snake:4  | Reached skill level 10 in Hexes
 33054 | Snake:4  | Reached skill level 10 in Necromancy
 33054 | Snake:4  | Reached skill level 10 in Translocations
 33054 | Snake:4  | Reached skill level 10 in Transmutations
 33054 | Snake:4  | Reached skill level 10 in Fire Magic
 33054 | Snake:4  | Reached skill level 10 in Ice Magic
 33054 | Snake:4  | Reached skill level 10 in Air Magic
 33054 | Snake:4  | Reached skill level 10 in Earth Magic
 33054 | Snake:4  | Reached skill level 10 in Poison Magic
 33207 | Snake:4  | Killed from afar by a nagaraja

Illustrated notes

Levels and vault maps discovered:
D:1:      dpeg_arrival_lava_temple_mockup, layout_loops_ring, serial_glass,
          glass_columns_a, glass_columns_a, serial_bayou_pond_e,
          chequers_serial_rivers_small_b
D:2:      layout_basic, uniq_terence
D:3:      layout_rooms, lemuel_tele_altar, jmf_multi_god_temple
D:4:      layout_cave_pools, xom_redecorated, hex_tiny
D:5:      layout_basic, minmay_temple_entry_sparse_star
D:6:      layout_layer_cave, nicolae_overflow_crystal_walls,
          nicolae_shop_dragon_depot, nicolae_shop_i_like_small_books_too,
          nicolae_nh_ransacked_shop, uniq_grinder
D:7:      layout_rooms, uniq_pikel, uniq_duvessa
D:8:      layout_cave_pools, zin_purify, david_lair_generic
D:9:      layout_basic, kennysheep_mini_moat, serial_shops, shop
D:10:     layout_gridville, lemuel_crystal_altar
D:11:     layout_grid_maze, orc_0_dummy, portal_ice_cave_entry_pillars_1,
          grunt_ministairs_3, uniq_gastronok, uniq_urug
D:12:     layout_basic, serial_shops, nicolae_shop_tiny_glass
D:13:     layout_irregular_city, david_vaults_5, serial_shops,
          nicolae_shop_behind_doors
D:14:     layout_gridville, serial_shops, nicolae_stop_n_shop_1,
          grunt_decor_mini_mirrors, amcnicky_mini_pool_small,
          hellmonk_guarded_unrand_zhor
D:15:     grunt_enter_depths_hoard, layout_loops_cross, kennysheep_crisscross
Temple:   eino_temple_lava
Lair:1:   layout_hall_layers
Lair:2:   layout_cave_pods, minmay_swamp_entry_worms, gammafunk_ghost_cemetery,
          hangedman_lair_generics_rect, uniq_sonja
Lair:3:   layout_loops_ring, dummy_snake_entry, gammafunk_ghost_ooze,
          lemuel_fruit_fields, uniq_nessos
Lair:4:   layout_gridlike, serial_bayou_shore_a
Lair:5:   minmay_lair_end_frog_pond, layout_regular_city,
          minmay_slime_entry_oklob_open
Snake:1:  minmay_snake_river, layout_misc_corridors
Snake:2:  layout_cave_town, nicolae_fountain_basement
Snake:3:  layout_cave_town
Snake:4:  grunt_snake_rune_pools, layout_layer_cave, basic_altar, uniq_vashnia
Orc:1:    layout_caves, uniq_maurice
Orc:2:    st_orc_rangers, layout_caves

Skill      XL: |  1  2  3  4  5  6  7  8  9 10 11 12 13 14 15 16 17 |
---------------+----------------------------------------------------+-----
Spellcasting   | 5 6 7 8 9 10 11 12 | 12.8
Invocations    | 1 2 3 4 5 6 7 8 9 10 11 12 | 12.8
Fighting       | 1 2 3 4 5 6 7 8 9 10 11 | 11.8
Short Blades   | 1 2 3 4 5 6 7 8 9 10 11 | 11.8
Long Blades    | 1 2 3 4 5 6 7 8 9 10 11 | 11.8
Axes           | 1 2 3 4 5 6 7 8 9 10 11 | 11.8
Maces & Flails | 1 2 3 4 5 6 7 8 9 10 11 | 11.8
Polearms       | 1 2 3 4 5 6 7 8 9 10 11 | 11.8
Staves         | 1 2 3 4 5 6 7 8 9 10 11 | 11.8
Ranged Weapons | 1 2 3 4 5 6 7 8 9 10 11 | 11.8
Throwing       | 1 2 3 4 5 6 7 8 9 10 11 | 11.8
Armour         | 1 2 3 4 5 6 7 8 9 10 11 | 11.8
Shields        | 1 2 3 4 5 6 7 8 9 10 11 | 11.8
Unarmed Combat | 1 2 3 4 5 6 7 8 9 10 11 | 11.8
Evocations     | 1 2 3 4 5 6 7 8 9 10 11 | 11.8
Conjurations   | 1 2 3 4 5 6 7 8 9 10 | 10.0
Hexes          | 1 2 3 4 5 6 7 8 9 10 | 10.0
Necromancy     | 1 2 3 4 5 6 7 8 9 10 | 10.0
Translocations | 1 2 3 4 5 6 7 8 9 10 | 10.0
Transmutations | 1 2 3 4 5 6 7 8 9 10 | 10.0
Fire Magic     | 1 2 3 4 5 6 7 8 9 10 | 10.0
Ice Magic      | 1 2 3 4 5 6 7 8 9 10 | 10.0
Air Magic      | 1 2 3 4 5 6 7 8 9 10 | 10.0
Earth Magic    | 1 2 3 4 5 6 7 8 9 10 | 10.0
Poison Magic   | 1 2 3 4 5 6 7 8 9 10 | 10.0
Dodging        | 5 6 7 8 9 10 11 12 | 12.6
Stealth        | 5 6 7 8 9 10 11 12 | 12.5
Summonings     | 8 9 10 11 12 | 12.2

Action                     |  1- 3 |  4- 6 |  7- 9 | 10-12 | 13-15 | 16-18 || total
---------------------------+-------+-------+-------+-------+-------+-------++-------
  Melee: Hand axe          |    77 |    26 |    57 |       |       |       ||   160
         Bite              |     7 |     5 |    16 |    35 |   103 |    18 ||   184
         Falchion          |       |    37 |    83 |   174 |   163 |       ||   457
         Dagger            |       |       |    48 |    34 |    19 |       ||   101
         Punch             |       |       |     2 |    10 |       |       ||    12
         Scimitar          |       |       |       |    46 |       |       ||    46
         Demon blade       |       |       |       |       |   437 |   142 ||   579
  Throw: Throwing net      |       |       |       |     1 |     2 |       ||     3
   Cast: Summon Small Mamm |    13 |    10 |    31 |    63 |    33 |       ||   150
         Call Imp          |     7 |     9 |    12 |    39 |    29 |     5 ||   101
         Call Canine Famil |     3 |    13 |    19 |    63 |    71 |    19 ||   188
         Summon Guardian G |       |     1 |     8 |    46 |    66 |    29 ||   150
         Summon Lightning  |       |       |     7 |    84 |    96 |    32 ||   219
         Poisonous Vapours |       |       |       |     3 |     7 |       ||    10
         Olgreb's Toxic Ra |       |       |       |     3 |     8 |     2 ||    13
         Borgnjor's Vile C |       |       |       |       |     2 |     4 ||     6
         Freezing Cloud    |       |       |       |       |     5 |     4 ||     9
         Dispel Undead     |       |       |       |       |     3 |       ||     3
         Summon Forest     |       |       |       |       |     2 |    16 ||    18
 Invoke: Lesser Servant of |       |       |       |     1 |       |       ||     1
         Major Destruction |       |       |       |     1 |       |       ||     1
         Greater Servant o |       |       |       |       |     1 |     1 ||     2
  Evoke: Wand              |       |       |    17 |     3 |     5 |       ||    25
    Use: Scroll            |       |     6 |     6 |    11 |    11 |     5 ||    39
         Potion            |       |       |     1 |     6 |     4 |       ||    11
   Stab: Sleeping          |     7 |     2 |     2 |     6 |    10 |     4 ||    31
         Distracted        |     1 |     1 |       |     3 |     8 |     3 ||    16
         Paralysed         |       |       |     4 |     1 |       |       ||     5
         Invisible         |       |       |       |     5 |       |       ||     5
         Held in net/web   |       |       |       |       |     2 |       ||     2
 Armour: Robe              |    12 |    18 |    66 |    22 |       |       ||   118
         Chain mail        |       |       |     4 |       |       |       ||     4
         Leather armour    |       |       |       |    61 |       |       ||    61
         Ring mail         |       |       |       |    36 |   210 |       ||   246
         Animal skin       |       |       |       |       |    15 |    34 ||    49
  Dodge: Dodged            |    69 |    53 |   194 |   284 |   418 |    86 ||  1104
  Block: Buckler           |       |       |       |     5 |   218 |    47 ||   270
